 Dungeon Crawl Stone Soup version 0.31-a0-965-g8a8ce12e04 (webtiles) character file.

Game seed: 5849135450324401426

142 lunkers the Insei (level 5, 0/34 (40) HPs)
             Began as a Meteoran Shapeshifter on Oct 26, 2023.
             Was an Initiate of Ru.
             Slain by Edmund
             ... wielding a +4 dire flail of draining
              (14 damage)
             ... on level 4 of the Dungeon.
             The game lasted 00:06:12 (1634 turns).

lunkers the Insei (Meteoran Shapeshifter)           Turns: 1634, Time: 00:06:13

HP:   0/34 (40)     AC:  5    Str: 15    XL:     5   Next: 79%
MP:   5/5           EV: 16    Int: 12    God:    Ru [......]
Gold: 155           SH:  0    Dex: 21    Spells: 4/4 levels left

rFire   . .          .
                       - Unarmed
rCold   . . .        (no shield)
rNeg    . . .        g - +0 ring mail
rPois   .            (helmet currently unavailable)
rElec   .            (cloak currently unavailable)
rCorr   .            (gloves currently unavailable)
SInv    .            (boots currently unavailable)
Will    .....        (no amulet)
Stlth   +            j - +5 ring of evasion
HPRegen 0.25/turn    q - +6 ring of dexterity
MPRegen 0.09/turn

%: no passive effects
@: beast-form, glowing, heavily drained
A: beast (slay +2), low MP 1, sense surroundings 1, otherworldly, glowing,
explore regen
a: Begin Untransformation, Renounce Religion


You were on level 4 of the Dungeon.
You worshipped Ru.
Ru was noncommittal.
You were a hulking beast.
You visited 1 branch of the dungeon, and saw 4 of its levels.

You collected 155 gold pieces.

Inventory:

Armour
 a - a +0 animal skin
 g - a +0 ring mail (worn)
 o - a +0 pair of gloves
 p - a +0 pair of boots
Jewellery
 j - a +5 ring of evasion (left hand)
 q - a +6 ring of dexterity (right hand)
Talismans
 c - a beast talisman
 d - a flux talisman
Scrolls
 b - a scroll of poison {unknown}
 h - a scroll of enchant weapon {unknown}
 i - a scroll of amnesia {unknown}
 k - 2 scrolls of identify
 l - a scroll of enchant armour {unknown}
 m - a scroll of vulnerability {unknown}
 n - a scroll of fog {unknown}
 r - a scroll of teleportation {unknown}
Potions
 e - a potion of heal wounds
 f - 7 potions of curing
 s - a potion of mutation


   Skills:
 - Level 1.1 Fighting
 - Level 2.1 Dodging
 * Level 6.0 Unarmed Combat
 + Level 4.8 Shapeshifting


You had 4 spell levels left.
You didn't know any spells.
Your spell library contained the following spells:

 Spells                   Type           Power      Damage    Failure   Level
 Freeze                   Ice            0%         1d3       54%         1
 Shock                    Conj/Air       0%         1d3       54%         1
 Frozen Ramparts          Ice            0%         1d1       89%         3
 Hailstorm                Conj/Ice       0%         3d3       89%         3
 Swiftness                Air            0%         N/A       89%         3
 Airstrike                Air            0%         2d(0-16)  100%        4


Dungeon Overview and Level Annotations

Branches:
Dungeon (4/15) Zot: 778
 Temple: D:4-7

Altars:
Ru

Annotations:
D:4 Edmund


Innate Abilities, Weirdness & Mutations

You are a hulking beast.
Your limbs bulge with bestial killing power. (Slay +2)
Your magical capacity is low. (-10% MP)
You passively map a small area around you.
You are easily found by Zot.
You glow in the dark.
You regain HP and MP as you explore.


Message History

Edmund hits you with a +4 dire flail of draining!
You feel drained.
* * * LOW HITPOINT WARNING * * *
You hit Edmund.
Edmund is moderately wounded.
Edmund clears his throat.
Edmund closely misses you.
Unknown command.
You closely miss Edmund.
Edmund is moderately wounded.
Edmund barely misses you.
Press: ? - help, v - describe, . - travel
Here: Edmund, wielding a +4 dire flail of draining and wearing a +0 chain mail (moderately wounded)
The floor.
Okay, then.
As you read the scroll labelled LUTYESEODA, it crumbles to dust.
It is a scroll of identify.
s - a potion of mutation Edmund barely misses you.
Unknown command.
You hit Edmund.
Edmund is heavily wounded.
Unknown command.
You hit Edmund but do no damage.
Edmund is heavily wounded.
Edmund misses you.
You hit Edmund.
Edmund is heavily wounded.
Edmund completely misses you.
You hit Edmund.
Edmund is severely wounded.
Edmund hits you with a +4 dire flail of draining!
* * * LOW HITPOINT WARNING * * *
You feel drained.
* * * LOW HITPOINT WARNING * * *
You hit Edmund.
Edmund is severely wounded.
Edmund hits you with a +4 dire flail of draining!
You die...
Edmund whines, "They better pay attention to me now!"

,
#.............##########
,
#####'##....<...........
#.##################
#.######## #.†......#
########'## ###*
#......# ## *
,?....###.#....# #. + ,
.....l@h.#....# ###.
,.....#####....# #...
,... #....# #... * #
###### #... #... #...
########## ###.
#........# #. #.######.#
#.


You could see Edmund and an iguana.

Vanquished Creatures
  An orc wizard (D:4)
  Natasha (D:4)
  A gnoll (D:2)
  2 adders
  A worm (D:2)
  4 dart slugs
  5 orcs
  4 ball pythons
  7 endoplasms
  8 hobgoblins
  4 kobolds
  A bat (D:2)
  A frilled lizard (D:2)
  3 goblins
  5 rats
48 creatures vanquished.

Notes
Turn   | Place    | Note
-------+----------+-------------------------------------------
     0 | D:1      | lunkers the Meteoran Shapeshifter began the quest for the
                  | Orb.
     0 | D:1      | Reached XP level 1. HP: 16/16 MP: 2/2
    38 | D:1      | Reached XP level 2. HP: 23/23 MP: 3/3
    71 | D:1      | Reached skill level 4 in Unarmed Combat
   244 | D:2      | Found a sacrificial altar of Ru.
   252 | D:2      | Became a worshipper of Ru the Awakened
   320 | D:2      | Reached XP level 3. HP: 28/28 MP: 4/4
   580 | D:2      | Reached XP level 4. HP: 12/35 MP: 5/5
   586 | D:2      | Reached skill level 5 in Unarmed Combat
  1226 | D:4      | Gained mutation: Your magical capacity is low. (-10% MP)
                  | [Ru sacrifice]
  1318 | D:4      | Reached XP level 5. HP: 22/40 MP: 5/5
  1598 | D:4      | Noticed Natasha
  1604 | D:4      | Killed Natasha
  1605 | D:4      | Reached skill level 6 in Unarmed Combat
  1618 | D:4      | Noticed Edmund
  1634 | D:4      | Slain by Edmund

Illustrated notes

Levels and vault maps discovered:
D:1:      evilmike_arrival_fibonacci_small, layout_basic, minmay_cupped
D:2:      layout_loops_cross, basic_altar, minmay_randomly_rotated_circles
D:3:      layout_loops_corners
D:4:      layout_basic, uniq_natasha, uniq_edmund

Skill      XL: |  1  2  3  4  5 |
---------------+----------------+-----
Unarmed Combat | 4 5 6 |  6.0
Shapeshifting  | 4 |  4.8
Fighting       | |  1.1
Dodging        | |  2.1

Action                     |  1- 3 |  4- 6 || total
---------------------------+-------+-------++-------
  Melee: Unarmed           |    51 |    83 ||   134
         Punch             |       |     1 ||     1
 Invoke: Sacrifice Essence |       |     1 ||     1
    Use: Potion            |       |     3 ||     3
         Scroll            |       |     1 ||     1
 Armour: Animal skin       |     5 |       ||     5
         Ring mail         |    14 |    34 ||    48
  Dodge: Dodged            |    38 |    48 ||    86

Table legend: (Time is in decaauts)
 A = Elapsed time spent in this place.
 B = Non-inter-level travel time spent in this place.
 C = Inter-level travel time spent in this place.
 D = Time resting spent in this place.
 E = Time spent auto-exploring this place.
 F = Levels seen in this place.
 G = Mean time per level.
                   A        B        C        D        E       F      G
               +--------+--------+--------+--------+--------+-----+--------+
         Total |   1620 |   1525 |     95 |     41 |   1051 |   4 |  405.0 |
       Dungeon |   1620 |   1525 |     95 |     41 |   1051 |   4 |  405.0 |
               +--------+--------+--------+--------+--------+-----+--------+

Top non-repeatable levels by time:
     D:3: 543 daAuts
     D:2: 427 daAuts
     D:4: 413 daAuts
     D:1: 236 daAuts
